 Dungeon Crawl Stone Soup version 0.24.0-123-gd5b16e6ec5 (webtiles) character file.

Game seed: 5390310216255405784, levelgen mode: deterministic

522 FishyPogo the Firebug (level 7, -1/41 HPs)
             Began as an Octopode Fire Elementalist on Dec 28, 2019.
             Was an Initiate of Sif Muna.
             Killed by miscasting Regeneration (14 damage)
             ... on level 5 of the Dungeon.
             The game lasted 00:15:40 (4013 turns).

FishyPogo the Firebug (Octopode Fire Elementalist)  Turns: 4013, Time: 00:15:40

Health: -1/41      AC:  1    Str:  4    XL:     7   Next: 22%
Magic:  14/22      EV: 13    Int: 19    God:    Sif Muna [......]
Gold:   257        SH:  0    Dex: 13    Spells: 1/14 levels left

rFire    . . .     SeeInvis +   a - +2 shortbow (flame)
rCold    . . .     Gourm    .   (shield currently unavailable)
rNeg     . . .     Faith    .   (helmet restricted)
rPois    .         Spirit   .   (no amulet)
rElec    .         Reflect  .   d - ring of see invisible
rCorr    .         Harm     .   t - -3 ring of strength (curse)
MR       .....                  p - ring of magical power
Stlth    +++.......             (no ring)
HPRegen  0.13/turn              (no ring)
MPRegen  0.18/turn              (no ring)
                                (no ring)
                                (no ring)

@: very slightly contaminated
A: almost no armour, stealthy swim, amphibious, 8 rings, constrict 8, camouflage
1, gelatinous body 1
a: Renounce Religion


You were on level 5 of the Dungeon.
You worshipped Sif Muna.
Sif Muna was noncommittal.
You were not hungry.

You visited 1 branch of the dungeon, and saw 5 of its levels.

You collected 257 gold pieces.

Inventory:

Hand Weapons
 a - a +2 shortbow of flaming (weapon)
 b - a +1 halberd of flaming
Missiles
 c - 175 stones (quivered)
 q - 7 javelins
 s - 9 boomerangs
 w - 17 poisoned darts
 x - a throwing net
Jewellery
 d - a ring of see invisible (left tentacle)
 p - a ring of magical power (on tentacle)
 t - a cursed -3 ring of strength (right tentacle)
Scrolls
 f - 2 scrolls of blinking {unknown}
 g - 2 scrolls of remove curse {unknown}
 k - a scroll of random uselessness {unknown}
 n - 2 scrolls of identify {unknown}
 o - 3 scrolls of teleportation {unknown}
 r - a scroll of fear {unknown}
 v - a scroll of enchant armour {unknown}
 y - 3 scrolls of amnesia {unknown}
Potions
 e - 3 potions of resistance {unknown}
 h - a potion of lignification {unknown}
 i - a potion of invisibility {unknown}
 j - a potion of flight {unknown}
 l - a potion of ambrosia {unknown}
 m - a potion of might {unknown}
 u - a potion of haste {unknown}
 B - a potion of curing {unknown}
 C - a potion of heal wounds {unknown}
Comestibles
 A - 5 rations


   Skills:
 - Level 2.0 Dodging
 - Level 3.0 Stealth
 * Level 4.4 Spellcasting
 + Level 4.0 Conjurations
 + Level 0.5 Charms
 + Level 0.4 Necromancy
 - Level 5.0 Fire Magic


You had one spell level left.
You knew the following spells:

 Your Spells              Type           Power        Failure   Level  Hunger
a - Flame Tongue          Conj/Fire      ###..        1%          1    None
b - Throw Flame           Conj/Fire      ###...       3%          2    #......
h - Regeneration          Chrm/Necr      #.........   32%         3    ###....
j - Conjure Flame         Conj/Fire      ###.....     6%          3    ###....
p - Sticky Flame          Conj/Fire      ###.....     21%         4    ####...

Your spell library contained the following spells:

 Spells                   Type           Power        Failure   Level  Hunger
 Infusion                 Chrm           #...         11%         1    None
 Corona                   Hex            #......      13%         1    None
 Inner Flame              Hex/Fire       ##......     14%         3    ###....
 Song of Slaying          Chrm           #.......     16%         2    #......
 Shroud of Golubria       Chrm/Tloc      #.....       19%         2    #......
 Slow                     Hex            #.......     21%         2    #......
 Spectral Weapon          Hex/Chrm       #.......     34%         3    ###....
 Portal Projectile        Hex/Tloc       #.....       36%         3    ###....
 Fireball                 Conj/Fire      ###.......   50%         5    ######.
 Cause Fear               Hex            #.........   78%         4    ####...
 Leda's Liquefaction      Hex/Erth       #.........   78%         4    ####...


Dungeon Overview and Level Annotations

Branches:
Dungeon (5/15)
 Temple: D:4-7

Altars:
Gozag
Ru
Sif Muna
Trog


Innate Abilities, Weirdness & Mutations

You cannot wear most types of armour.
You are very stealthy in the water. (Stealth+)
You are amphibious.
You can wear up to eight rings at the same time.
You can use your tentacles to constrict eight enemies at once.
Your skin changes colour to match your surroundings (Stealth+).
Your rubbery body absorbs attacks. (AC +1, EV +1)


Message History

C - a +2 shortbow of flaming Adjust to which letter? (? for menu, Esc to quit)
a - a +2 shortbow of flaming;
C - a fizzy orange potion Your +1 halberd of flaming stops flaming.
Your +2 shortbow of flaming bursts into flame!
a - a +2 shortbow of flaming (weapon)
Adjust to which letter? (? for menu, Esc to quit)
b - a +1 halberd of flaming;
A - 5 rations You start resting.
Your skin stops crawling.
All of the chunks of flesh in your inventory have rotted away.
Casting: Regeneration (safe; 32% risk of failure)
Confirm with . or Enter, or press ? or * to list all spells.
You miscast Regeneration.
You are very lightly contaminated with residual magic.
Your tentacles glow momentarily.
Casting: Regeneration (safe; 32% risk of failure)
Confirm with . or Enter, or press ? or * to list all spells.
You miscast Regeneration.
Pain shoots through your body!
You die...

...#.. ###
.#.#..##.. #
.#.......### #####
.# .#..#......
....##.## ..<....#..
#........
.####....####
#........ .#
#......####........
##
#...##...(.........
##
##.#.#######@.......
.# #..#.# #........
.####..#.# #........
...##..#.# #........
#........####
#....%...
..#.........#
#........
....##......#
####...?.
....##......# .....
....##......#


There were no monsters in sight!

Vanquished Creatures
  A centaur (D:5)
  A centaur skeleton (D:5)
  A hound (D:4)
  An orc priest (D:3)
  A bullfrog skeleton (D:4)
  An orc wizard (D:3)
  An iguana (D:4)
  2 worker ants (D:4)
  A hound skeleton (D:4)
  6 gnolls
  8 adders
  A shadow imp (D:5)
  An ooze (D:4)
  An adder zombie (D:4)
  3 worms
  2 leopard geckos
  2 orcs (D:3)
  A giant cockroach (D:2)
  7 goblins
  6 hobgoblins
  A quokka (D:2)
  3 ball pythons
  6 bats
  4 frilled lizards
  4 kobolds
  A quokka skeleton (D:4)
  4 rats
71 creatures vanquished.

Notes
Turn   | Place    | Note
-------+----------+-------------------------------------------
     0 | D:1      | FishyPogo the Octopode Fire Elementalist began the quest
                  | for the Orb.
     0 | D:1      | Reached XP level 1. HP: 11/11 MP: 3/3
   636 | D:1      | Reached XP level 2. HP: 7/17 MP: 0/5
   828 | D:1      | Learned a level 2 spell: Throw Flame
  1385 | D:2      | Reached XP level 3. HP: 14/21 MP: 0/6
  1390 | D:2      | Learned a level 3 spell: Conjure Flame
  1640 | D:2      | Reached XP level 4. HP: 27/27 MP: 4/8
  2202 | D:3      | Found an opulent altar of Gozag.
  2677 | D:3      | Reached skill level 4 in Fire Magic
  2677 | D:3      | Reached XP level 5. HP: 31/31 MP: 5/9
  2684 | D:3      | Learned a level 4 spell: Sticky Flame
  3022 | D:4      | Reached XP level 6. HP: 20/36 MP: 3/11
  3183 | D:4      | Found a shimmering blue altar of Sif Muna.
  3191 | D:4      | Became a worshipper of Sif Muna the Loreminder
  3274 | D:4      | Found a bloodstained altar of Trog.
  3422 | D:4      | Found a sacrificial altar of Ru.
  3468 | D:4      | Got a bloodstained helmet
  3583 | D:5      | Entered Level 5 of the Dungeon
  3855 | D:5      | Reached XP level 7. HP: 14/41 MP: 13/13
  3909 | D:5      | Learned a level 3 spell: Regeneration
  3974 | D:5      | Reached skill level 5 in Fire Magic
  4013 | D:5      | Killed by miscasting Regeneration

Levels and vault maps discovered:
D:1:      giann_horns, layout_loops_ring
D:2:      layout_rooms, kennysheep_generic_room_8
D:3:      layout_basic, lemuel_doored_altar
D:4:      layout_rooms, bloody_trog, marbit_many_paths,
          nicolae_overflow_crystal_walls, first_ration
D:5:      layout_rooms

Skill      XL: |  1  2  3  4  5  6  7 |
---------------+----------------------+-----
Stealth        | 3 |  3.0
Conjurations   | 2 3 4 |  4.0
Spellcasting   | 3 4 |  4.4
Fire Magic     | 4 5 |  5.0
Dodging        | |  2.0
Charms         | |  0.5
Necromancy     | |  0.4

Action                   |  1- 3 |  4- 6 |  7- 9 || total
-------------------------+-------+-------+-------++-------
Melee: Unarmed           |    14 |    33 |       ||    47
       Constrict         |     6 |     9 |       ||    15
       Tentacles         |     3 |     4 |       ||     7
Throw: Stone             |     1 |     8 |       ||     9
 Cast: Flame Tongue      |    35 |    63 |     5 ||   103
       Throw Flame       |     9 |    40 |     1 ||    50
       Sticky Flame      |       |       |     1 ||     1
       Regeneration      |       |       |     1 ||     1
  Eat: Chunk             |     3 |     6 |       ||     9
       Ration            |       |     1 |       ||     1
Armor: Skin              |     2 |     5 |       ||     7
Dodge: Dodged            |     9 |    37 |     2 ||    48
